details: 'Uh, did i just win that...'

« prev index next »

General information

Mini Map

Players

team 1
Random» UndeadRush[yyz] (yellow | 128 APM | 1897 actions | 14:51)
Hero icon 2 Death Knight
Ability icon 1 Death Coil
Ability icon 1 Unholy Aura
Hero icon 3 Lich
Ability icon 2 Frost Nova
Ability icon 1 Frost Armor
Hero icon 1 Dark Ranger
Ability icon 1 Silence

» actions
Assign group hotkey40
Basic commands74
Build / train46
Enter build submenu12
Enter hero's abilities submenu6
Right click781
Select / deselect269
Select group hotkey564
Use ability103
1897 total
» units
Acolyte4
Ghoul2
Crypt Fiend5
Obsidian Statue4
15 total
» upgrades
Burrow1
Destroyer Form1
Creature Attack1
3 total
» buildings
Altar of Darkness1
Crypt1
Ziggurat6
Tomb of Relics1
Graveyard1
Nerubian Tower1
Halls of the Dead1
Black Citadel1
Slaughterhouse1
Sacrificial Pit1
15 total
» build order
00:09 Altar of Darkness
00:11 Crypt
00:24 Ziggurat
01:09 Tomb of Relics
01:33 Graveyard
01:42 Nerubian Tower
03:14 Halls of the Dead
03:53 Ziggurat
03:54 Ziggurat
05:51 Black Citadel
06:06 Slaughterhouse
06:47 Ziggurat
07:39 Ziggurat
12:09 Sacrificial Pit
12:41 Ziggurat
» items
Rod of Necromancy7
Dust of Appearance4
Orb of Corruption1
Potion of Healing1
Potion of Lesser Invulnerability1
14 total
team 2
Orcboram.sangjo (blue | 94 APM | 1396 actions | 14:50)
Hero icon 4 Blademaster
Ability icon 2 Wind Walk
Ability icon 2 Critical Strike
Hero icon 3 Shadow Hunter
Ability icon 1 Hex
Ability icon 2 Healing Wave
Hero icon 2 Tauren Chieftain
Ability icon 1 Endurance Aura
Ability icon 1 War Stomp

» actions
Assign group hotkey14
Basic commands132
Build / train67
Enter build submenu14
Enter hero's abilities submenu9
Give item / drop item4
Right click544
Select / deselect291
Select group hotkey219
Use ability102
1396 total
» units
Peon8
Grunt5
Raider4
Spirit Walker3
Wind Rider2
22 total
» upgrades
Ensnare1
Berserker Strength1
Spirit Walker Training1
Ranged Weapons1
Envenomed Spears1
5 total
» buildings
Altar of Storms1
Orc Burrow7
Barracks1
Voodoo Lounge1
Stronghold2
Beastiary2
Spirit Lodge1
Fortress2
War Mill1
18 total
» build order
00:08 Altar of Storms
00:15 Orc Burrow
00:40 Barracks
01:32 Orc Burrow
01:51 Voodoo Lounge
03:46 Stronghold
03:46 Stronghold
04:12 Orc Burrow
06:11 Beastiary
06:15 Spirit Lodge
07:05 Orc Burrow
09:53 Fortress
09:54 Fortress
10:19 Orc Burrow
10:22 War Mill
12:07 Beastiary
12:41 Orc Burrow
13:31 Orc Burrow
» items
Scroll of Speed2
Healing Salve4
Lesser Clarity Potion3
Claws of Attack +61
Circlet of Nobility2
Boots of Speed1
Potion of Healing1
Dust of Appearance1
15 total